 Dungeon Crawl Stone Soup version 0.29-a0-1006-g0dd7720b37 (webtiles) character file.

Game seed: 294118812092997499

80 Sobieck the Firebug (level 4, -7/38 HPs)
             Began as a Naga Fire Elementalist on Aug 6, 2022.
             Mangled by a gnoll
             ... wielding a +0 flail
              (9 damage)
             ... on level 2 of the Dungeon.
             The game lasted 00:04:26 (1598 turns).

Sobieck the Firebug (Naga Fire Elementalist)        Turns: 1598, Time: 00:04:27

Health: -7/38      AC:  3    Str: 10    XL:     4   Next: 39%
Magic:  1/7        EV: 10    Int: 17    God:
Gold:   106        SH:  0    Dex: 12    Spells: 5/8 levels left

rFire   . . .      SeeInvis +   a - +0 sling
rCold   + . .      Faith    .   (no shield)
rNeg    . . .      Spirit   .   t - +0 robe
rPois   +          Reflect  .   (no helmet)
rElec   .          Harm     .   (no cloak)
rCorr   .          Rampage  .   i - +0 pair of gloves
Will    .....                   (no barding)
Stlth   ++........              (no amulet)
HPRegen 0.12/turn               r - ring of protection from cold
MPRegen 0.10/turn               u - +4 ring of slaying

@: very slow
A: AC +1, large, see invisible, deformed body, poison resistance, slowness 2,
spit poison 1, naga tail 1
a: Spit Poison


You were on level 2 of the Dungeon.
You visited 1 branch of the dungeon, and saw 2 of its levels.

You collected 106 gold pieces.


Innate Abilities, Weirdness & Mutations

Your serpentine skin is tough. (AC +1)
You have supernaturally acute eyesight. (SInv)
Armour fits poorly on your strangely shaped body.
Your system is resistant to poisons. (rPois)
You cover ground very slowly.
You can spit poison.
You have a snake-like lower body.


   Skills:
 + Level 1.4 Fighting
 - Level 1.5 Dodging
 - Level 3.0 Stealth
 + Level 2.5 Spellcasting
 + Level 2.0 Conjurations
 * Level 3.9 Fire Magic


You had 5 spell levels left.
You knew the following spells:

 Your Spells              Type           Power      Damage    Failure   Level
a - Foxfire               Conj/Fire      48%        2x1d6     5%          1
b - Scorch                Fire           30%        2d6       5%          2

Your spell library contained the following spells:

 Spells                   Type           Power      Damage    Failure   Level
 Magic Dart               Conj           32%        1d4       9%          1
 Conjure Flame            Conj/Fire      12%        6-21      16%         3
 Inner Flame              Hex/Fire       8%         N/A       24%         3
 Call Imp                 Summ           2%         N/A       28%         2
 Mephitic Cloud           Conj/Pois/Air  4%         N/A       38%         3
 Flame Wave               Conj/Fire      12%        2d6       47%         4

Inventory:

Hand Weapons
 a - a +0 sling (weapon)
   (You found it on level 1 of the Dungeon)
 c - a +0 club {mace}
   (You took it off a goblin on level 1 of the Dungeon)
 d - a +0 spear {polearm}
   (You found it on level 1 of the Dungeon)
 e - a +0 club {mace}
   (You took it off a goblin on level 1 of the Dungeon)
 f - a +0 dagger {short}
   (You took it off a goblin on level 1 of the Dungeon)
 j - a +0 dagger {short}
   (You took it off a goblin on level 1 of the Dungeon)
 k - a +0 dagger {short}
   (You took it off a goblin on level 1 of the Dungeon)
 n - a +0 dagger {short}
   (You took it off a goblin on level 1 of the Dungeon)
 s - a +0 short sword {short}
   (You took it off a kobold on level 1 of the Dungeon)
Missiles
 g - 14 stones {throwing}
 q - 12 curare-tipped darts {=fthrowing}
Armour
 i - a +0 pair of gloves (worn)
   (You found it on level 1 of the Dungeon)
 o - a +0 ring mail
   (You found it on level 1 of the Dungeon)
 t - a +0 robe (worn)
 x - a +0 ring mail
   (You found it on level 2 of the Dungeon)
Jewellery
 r - a ring of protection from cold (left hand)
   (You found it on level 1 of the Dungeon)
 u - a +4 ring of slaying (right hand)
   (You found it on level 1 of the Dungeon)
Scrolls
 h - 4 scrolls of identify {unknown}
 l - a scroll of teleportation {unknown}
 m - a scroll of vulnerability {unknown}
 w - a scroll of noise {unknown}
Potions
 b - a potion of magic
 p - 2 potions of heal wounds {unknown}
 v - a potion of might {unknown}

Dungeon Overview and Level Annotations

Branches:
Dungeon (2/15) Zot: 10005

Altars:

.....##....#.#.#.#
.....##....#.#.#.#
#)#..#######.#.#.# ..####
#.#.#.# ..8######
#.#.#.####.#
#.......####.#........#
#.รท.....'.##.###.######.
..8######....g.g........
..## ########@#########
#'## #...#.......... ...#
#.#.#..######### ...#####
#............... ####...#
###.#...........
...#.#.#######.#.....#...<.
...............#..##.##.###
.#.#############..##...
..................##..#.###


You could see 2 gnolls.


Message History

The sling bullet closely misses the hobgoblin.
You shoot a sling bullet. The sling bullet hits the hobgoblin.
The hobgoblin closely misses you.
You shoot a sling bullet.
The sling bullet closely misses the hobgoblin.
The hobgoblin hits you.
Unknown command.
Aiming: Spit Poison (2% risk of failure)
Press: ? - help, Shift-Dir - straight line, f/p - hobgoblin
Aim: a hobgoblin, wearing a +0 buckler (moderately wounded, 59% to hit)
The splash of poison misses the hobgoblin.
The hobgoblin hits you but does no damage.
You shoot a sling bullet. The sling bullet hits the hobgoblin.
The hobgoblin closely misses you.
A gnoll comes into view. It is wielding a +0 whip.
You shoot a sling bullet. The hobgoblin blocks the sling bullet.
The hobgoblin hits you. The hobgoblin closely misses you.
You shoot a sling bullet. The sling bullet hits the hobgoblin.
You kill the hobgoblin!
A giant cockroach comes into view.
You have reached level 4!
You feel agile.
Unknown command.
Unknown command.
Casting: Foxfire (safe; 6% risk of failure)
Confirm with . or Enter, or press ? or * to list all spells.
Flames lash the gnoll.
The gnoll's fire resistance burns away.
You have got your breath back.
You hear a shout!
The giant cockroach barely misses you.
The giant cockroach bites you but does no damage.
Unknown command.
Unknown command.
Casting: Scorch (safe; 6% risk of failure)
Confirm with . or Enter, or press ? or * to list all spells.
You miscast Foxfire.
You are very lightly contaminated with residual magic.
Nothing appears to happen.
The giant cockroach waves its antennae.
The giant cockroach barely misses you.
Casting: Foxfire (safe; 6% risk of failure)
Confirm with . or Enter, or press ? or * to list all spells.
You conjure some foxfire!
The giant cockroach bites you but does no damage.
Unknown command.
Casting: Foxfire (safe; 6% risk of failure)
Confirm with . or Enter, or press ? or * to list all spells.
You miscast Foxfire.
Nothing appears to happen.
The foxfire hits the giant cockroach.
You kill the giant cockroach!
The foxfire hits the gnoll but does no damage.
The gnoll closely misses you.
A gnoll comes into view. It is wielding a +1 antimagic whip.
Casting: Foxfire (safe; 6% risk of failure)
Confirm with . or Enter, or press ? or * to list all spells.
You conjure some foxfire!
The gnoll is no longer more vulnerable to fire.
The gnoll hits you with a +0 whip.
Unknown command.
Casting: Foxfire (safe; 6% risk of failure)
Confirm with . or Enter, or press ? or * to list all spells.
You conjure some foxfire!
The foxfire hits the gnoll. x2
A gnoll comes into view. It is wielding a +0 flail.
The gnoll hits you with a +0 whip.
Unknown command.
Casting: Foxfire (safe; 6% risk of failure)
Confirm with . or Enter, or press ? or * to list all spells.
You don't have enough magic to cast this spell.
Casting: Foxfire (safe; 6% risk of failure)
Confirm with . or Enter, or press ? or * to list all spells.
You don't have enough magic to cast this spell.
The foxfire hits the gnoll.
You kill the gnoll!
A gnoll comes into view. It is wielding a +0 club.
Unknown command.
Aiming: Spit Poison (1% risk of failure)
Press: ? - help, Shift-Dir - straight line, f - gnoll
Aim: a gnoll, wielding a +1 antimagic whip (65% to hit)
The splash of poison hits the gnoll!
The gnoll is poisoned.
The foxfire hits the gnoll.
You have got your breath back.
You kill the gnoll!
Your Conjurations skill increases to level 2!
Your magical contamination has completely faded away.
The gnoll attacks as you move away! The gnoll barely misses you.
The gnoll hits you with a +0 flail. The gnoll attacks as you move away!
The gnoll hits you with a +0 flail!
* * * LOW HITPOINT WARNING * * *
Unknown command.
Casting: Foxfire (safe; 5% risk of failure)
Confirm with . or Enter, or press ? or * to list all spells.
Flames lash the gnoll.
The gnoll's fire resistance burns away.
Unknown command.
The gnoll barely misses you. The gnoll attacks as you move away!
The gnoll closely misses you. The gnoll attacks as you move away!
The gnoll hits you with a +0 flail!
* * * LOW HITPOINT WARNING * * *
The gnoll is no longer more vulnerable to fire.
The gnoll hits you with a +0 flail!
You die...

Skill      XL: |  1  2  3  4 |
---------------+-------------+-----
Fighting       | 1 |  1.4
Conjurations   | 2 |  2.0
Dodging        | |  1.5
Stealth        | |  3.0
Spellcasting   | |  2.5
Fire Magic     | |  3.9

Action                   |  1- 3 |  4- 6 || total
-------------------------+-------+-------++-------
 Fire: Sling             |    31 |       ||    31
 Cast: Foxfire           |    30 |     3 ||    33
       Scorch            |     2 |     2 ||     4
 Abil: Spit Poison       |    20 |     1 ||    21
Armor: Robe              |    14 |     2 ||    16
Dodge: Dodged            |    14 |     6 ||    20

Levels and vault maps discovered:
D:1:      nagdon_arrival_double_spiral, layout_basic
D:2:      minmay_chambers_of_twos, layout_basic, uniq_terence

Notes
Turn   | Place    | Note
-------+----------+-------------------------------------------
     0 | D:1      | Sobieck the Naga Fire Elementalist began the quest for the
                  | Orb.
     0 | D:1      | Reached XP level 1. HP: 15/15 MP: 3/3
   235 | D:1      | Reached XP level 2. HP: 24/24 MP: 3/5
   243 | D:1      | Learned a level 2 spell: Scorch
   451 | D:1      | You pick up a book of Minor Magic and begin reading...
   451 | D:1      | You add the spells Magic Dart, Call Imp and Mephitic Cloud
                  | to your library.
   628 | D:1      | Reached XP level 3. HP: 30/30 MP: 3/6
   675 | D:1      | Reached skill level 1 in Fighting
  1574 | D:2      | Reached XP level 4. HP: 34/38 MP: 7/7
  1585 | D:2      | Reached skill level 2 in Conjurations
  1598 | D:2      | HP: 2/38 [gnoll/+0 flail (9)]
  1598 | D:2      | Mangled by a gnoll

Vanquished Creatures
  2 gnolls (D:2)
  An adder (D:2)
  A worm (D:2)
  A dart slug (D:1)
  2 endoplasms (D:1)
  A giant cockroach (D:2)
  6 goblins (D:1)
  8 hobgoblins
  A quokka (D:2)
  7 ball pythons
  7 bats (D:1)
  2 frilled lizards (D:2)
  3 kobolds
  2 rats
44 creatures vanquished.

Vanquished Creatures (others)
  55 foxfires
  7 toadstools (D:1)
62 creatures vanquished.

Grand Total: 106 creatures vanquished

Table legend:
 A = Non-vault XP
 B = Vault XP
 C = Vault XP percentage of total XP
 D = Non-vault monster count
 E = Vault monster count
 F = Vault count percentage of total count
                 A         B        C        D         E       F
            +---------+---------+-------+---------+---------+-------
      Total |     100 |      15 |  13.0 |      36 |       8 |  18.2
            +---------+---------+-------+---------+---------+-------
        D:1 |      49 |       0 |   0.0 |      28 |       0 |   0.0
        D:2 |      51 |      15 |  22.7 |       8 |       8 |  50.0
            +---------+---------+-------+---------+---------+-------

Illustrated notes

Table legend:
 A = Kills in this place as a percentage of kills in entire the game.
 B = Kills by you in this place as a percentage of kills by you in the entire game.
 C = Kills by friends in this place as a percentage of kills by friends in the entire game.
 D = Other kills in this place as a percentage of other kills in the entire game.
 E = Experience gained in this place as a percentage of experience gained in the entire game.
 F = Experience gained in this place divided by the number of levels of this place that you have seen.
                   A       B       C       D       E      F
               +-------+-------+-------+-------+-------+----------------------
         Total | 100.0 | 100.0 |   N/A |   N/A | 100.0 |  57.5
       Dungeon | 100.0 | 100.0 |   N/A |   N/A | 100.0 |  57.5
               +-------+-------+-------+-------+-------+----------------------

Table legend: (Time is in decaauts)
 A = Elapsed time spent in this place.
 B = Non-inter-level travel time spent in this place.
 C = Inter-level travel time spent in this place.
 D = Time resting spent in this place.
 E = Time spent auto-exploring this place.
 F = Levels seen in this place.
 G = Mean time per level.
                   A        B        C        D        E       F      G
               +--------+--------+--------+--------+--------+-----+--------+
         Total |   1993 |   1961 |     32 |      0 |   1685 |   2 |  996.5 |
       Dungeon |   1993 |   1961 |     32 |      0 |   1685 |   2 |  996.5 |
               +--------+--------+--------+--------+--------+-----+--------+

Top non-repeatable levels by time:
     D:1: 1294 daAuts
     D:2: 698 daAuts
